 Dungeon Crawl Stone Soup version 0.27-a0-29-g2d0a2396b0 (webtiles) character file.

Game seed: 18046476435272715940

11984 HoaS the Grappler (level 11, -8/107 HPs)
             Began as a Troll Gladiator on Jan 3, 2021.
             Was an Elder of Makhleb.
             Mangled by an orc warrior
             ... wielding a +0 long sword
              (30 damage)
             ... on level 1 of the Orcish Mines.
             The game lasted 00:27:23 (8916 turns).

HoaS the Grappler (Troll Gladiator)                 Turns: 8916, Time: 00:27:24

Health: -8/107     AC:  8    Str: 24    XL:     11   Next: 56%
Magic:  10/10      EV: 14    Int:  4    God:    Makhleb [****..]
Gold:   846        SH:  0    Dex: 14    Spells: 10/10 levels left

rFire    . . .     SeeInvis +     - Unarmed
rCold    . . .     Faith    .   (no shield)
rNeg     . . .     Spirit   .   F - +0 robe {Will+}
rPois    .         Reflect  .   b - +2 hat
rElec    .         Harm     .   t - scarf {shadows}
rCorr    +         Rampage  .   (gloves unavailable)
Will     +....                  (boots unavailable)
Stlth    +.........             E - amulet of regeneration
HPRegen  1.07/turn              B - ring of resist corrosion
MPRegen  0.12/turn              a - ring of see invisible

@: no status effects
A: large, unfitting armour, claws 3, regeneration 1, shaggy fur 1, tough skin 3
a: Renounce Religion, Minor Destruction, Lesser Servant of Makhleb, Major
Destruction


You were on level 1 of the Orcish Mines.
You worshipped Makhleb.
Makhleb was greatly pleased with you.
You visited 3 branches of the dungeon, and saw 13 of its levels.
You also visited: Bailey.

You collected 846 gold pieces.

Inventory:

Missiles
 c - 4 throwing nets (quivered)
 d - 10 javelins
 n - 41 boomerangs
Armour
 b - a +2 hat (worn)
 t - a scarf of shadows (worn)
 F - a +0 robe of willpower (worn)
Jewellery
 a - a ring of see invisible (right claw)
 l - an uncursed ring of ice
 B - a ring of resist corrosion (left claw)
 E - an amulet of regeneration (around neck)
Wands
 g - a wand of acid (6)
 o - a wand of paralysis (13)
 x - a wand of enslavement (19)
Scrolls
 r - a scroll of fear
 s - 4 scrolls of teleportation
 w - 3 scrolls of remove curse
 y - a scroll of enchant armour
Potions
 e - a potion of mutation {unknown}
 f - 2 potions of resistance
 h - 6 potions of curing
 i - a potion of lignification {unknown}
 j - 3 potions of brilliance {unknown}
 k - 3 potions of might {unknown}
 p - 3 potions of attraction {unknown}
 q - 2 potions of flight {unknown}
 v - 2 potions of degeneration {unknown}
 z - 2 potions of magic {unknown}
 A - a potion of berserk rage {unknown}
 C - a potion of haste {unknown}
 D - 2 potions of cancellation {unknown}


   Skills:
 + Level 6.9 Fighting
 - Level 5.0 Throwing
 + Level 6.9 Dodging
 + Level 13.8 Unarmed Combat


You had 10 spell levels left.
You didn't know any spells.
Your spell library contained the following spells:

 Spells                   Type           Power        Failure   Level
 Magic Dart               Conj           0%           50%         1
 Poisonous Vapours        Pois/Air       0%           65%         2
 Searing Ray              Conj           0%           65%         2
 Conjure Flame            Conj/Fire      0%           86%         3
 Dazzling Flash           Conj/Hex       0%           86%         3
 Mephitic Cloud           Conj/Pois/Air  0%           86%         3
 Fulminant Prism          Conj/Hex       0%           99%         4
 Iskenderun's Mystic Bla  Conj/Tloc      0%           99%         4
 Freezing Cloud           Conj/Ice/Air   0%           100%        6


Dungeon Overview and Level Annotations

Branches:
Dungeon (10/15)            Temple (0/1) D:7            Lair (1/6) D:9
    Orc (2/2) D:9          Bailey (visited)
    Elf: Orc:2

Altars:
Fedhas
Gozag
Hepliaklqana
Kikubaaqudgha
Makhleb
Qazlal
Ru
Sif Muna
Vehumet
Wu Jian
Yredelemnul
Zin
The Shining One

Shops:
D:10 *=}*

Annotations:
D:10 3 runed translucent doors, emiel's ghost, novice MiFi


Innate Abilities, Weirdness & Mutations

You are too large for most types of armour.
You have claws for hands.
Your natural rate of healing is unusually fast.
You are covered in fur. (AC +1)
You have extremely tough skin. (AC +3)


Message History

The orc completely misses you.
The orc wizard hits you with a +0 dagger.
* * * LOW HITPOINT WARNING * * *
The orc warrior barely misses you. The orc barely misses you.
The orc warrior barely misses you. The orc closely misses you.
You feel much better. The orc wizard barely misses you.
The orc closely misses you.
The orc warrior hits you with a +0 long sword!!
* * * LOW HITPOINT WARNING * * *
The orc hits you but does no damage.
You feel much better.
The orc warrior hits you with a +0 trident!!
* * * LOW HITPOINT WARNING * * *
The orc barely misses you. The orc wizard closely misses you.
The orc misses you.
You claw the orc warrior!
You kill the orc warrior!
Makhleb accepts your kill.
The orc warrior hits you with a +0 long sword!!
You die...

### #..........##
##.#####......#...##
#....##........#...#
##.....#.......<#.##
##................#
#......#.........##
#...#.............#
##.##......).o.#.##
#####.....o@)....##
##....ooo.....##
######...........##
##.#..#............#
#...............#..####
##............###.....##
#...##..#.....###.....#
##...#...#.....####..##
#......#.....## #...#


You could see an orc warrior (strong), an orc wizard (strong) and 3 orcs.

Vanquished Creatures
  Harold (D:8)
  A two-headed ogre (D:8)
  The ghost of Life0 the Basher, a novice MiBe of Trog (D:8)
  An unseen horror (D:10)
  An orc sorcerer (Orc:1)
  A cane toad (D:9)
  A black mamba (Lair:1)
  3 komodo dragons (D:9)
  A troll (Orc:1)
  Sigmund (D:3)
  A wyvern (D:10)
  14 yaks
  Eustachio (D:5)
  4 water moccasins
  3 ice beasts
  3 sky beasts
  13 orc warriors
  5 ogres
  2 centaurs
  5 bullfrogs
  A wyvern skeleton (D:10)
  2 scorpions
  An electric eel (Lair:1)
  A howler monkey (D:6)
  A centaur zombie (D:9)
  A quasit (D:7)
  4 hounds
  16 orc wizards
  A bullfrog zombie (D:7)
  8 orc priests
  2 centaur skeletons
  2 jellies
  Jessica (D:3)
  An iguana (D:6)
  8 worker ants
  A hound zombie (D:5)
  A hound skeleton (D:10)
  3 gnolls (D:10)
  13 adders
  3 white imps
  3 oozes
  3 worms (D:2)
  An adder skeleton (D:4)
  An adder zombie (D:8)
  2 dart slugs (D:3)
  2 leopard geckos
  96 orcs
  2 ball pythons
  6 bats
  7 giant cockroaches
  8 goblins
  6 hobgoblins
  11 jackals
  3 kobolds
  2 quokkas
  3 frilled lizards
  A giant cockroach zombie (D:5)
  A leopard gecko skeleton (D:7)
  A quokka skeleton (D:4)
  9 rats
302 creatures vanquished.

Vanquished Creatures (others)
  A ball python (D:2)
  A kobold (D:2)
  2 fungi (Lair:1)
  24 plants
  9 withered plants (D:4)
37 creatures vanquished.

Grand Total: 339 creatures vanquished

Notes
Turn   | Place    | Note
-------+----------+-------------------------------------------
     0 | D:1      | HoaS the Troll Gladiator began the quest for the Orb.
     0 | D:1      | Reached XP level 1. HP: 19/19 MP: 0/0
   180 | D:1      | Reached XP level 2. HP: 27/27 MP: 1/1
   220 | D:1      | Reached skill level 4 in Unarmed Combat
   602 | D:2      | Reached XP level 3. HP: 28/33 MP: 2/2
   738 | D:2      | Found a glowing golden altar of the Shining One.
   748 | D:2      | Found a stormy altar of Qazlal.
  1119 | D:2      | Reached XP level 4. HP: 41/41 MP: 3/3
  1231 | D:3      | Reached skill level 5 in Unarmed Combat
  1341 | D:3      | Noticed Jessica
  1345 | D:3      | Killed Jessica
  1384 | D:3      | Reached XP level 5. HP: 26/48 MP: 4/4
  1391 | D:3      | Reached skill level 6 in Unarmed Combat
  1571 | D:3      | Noticed Sigmund
  1578 | D:3      | Killed Sigmund
  1579 | D:3      | Reached skill level 7 in Unarmed Combat
  1579 | D:3      | Reached XP level 6. HP: 55/55 MP: 5/5
  1739 | D:3      | Found a hazy altar of Hepliaklqana.
  2058 | D:4      | Found an ancient bone altar of Kikubaaqudgha.
  2062 | D:4      | Reached skill level 8 in Unarmed Combat
  2139 | D:4      | Found a burning altar of Makhleb.
  2145 | D:4      | Found a glowing silver altar of Zin.
  2145 | D:4      | Noticed an angel
  2145 | D:4      | Noticed an Executioner
  2148 | D:4      | Became a worshipper of Makhleb the Destroyer
  2283 | D:4      | Reached XP level 7. HP: 62/62 MP: 6/6
  2317 | D:5      | Entered Level 5 of the Dungeon
  2598 | D:5      | Found a basalt altar of Yredelemnul.
  2598 | D:5      | Found a faded altar of an unknown god.
  2603 | D:5      | Found an opulent altar of Gozag.
  2605 | D:5      | Found a blossoming altar of Fedhas.
  2607 | D:5      | Found an ornate altar of the Wu Jian Council.
  2739 | D:5      | Reached skill level 9 in Unarmed Combat
  2758 | D:5      | Noticed Eustachio
  2766 | D:5      | Killed Eustachio
  2964 | D:6      | Reached * piety under Makhleb
  2972 | D:6      | Reached XP level 8. HP: 49/70 MP: 7/7
  3045 | D:6      | Reached skill level 10 in Unarmed Combat
  3184 | D:6      | You fall into a shaft and drop 2 floors!
  3184 | D:8      | Found a sacrificial altar of Ru.
  3437 | D:7      | Reached skill level 11 in Unarmed Combat
  3884 | D:6      | Found a shimmering blue altar of Sif Muna.
  3906 | D:7      | Reached ** piety under Makhleb
  3937 | D:7      | Reached XP level 9. HP: 75/76 MP: 8/8
  3947 | D:7      | Reached skill level 12 in Unarmed Combat
  4169 | D:7      | Found a staircase to the Ecumenical Temple.
  4285 | D:8      | Found a runed translucent door.
  4287 | D:8      | Noticed Life0's ghost (novice MiBe)
  4344 | D:8      | Found a radiant altar of Vehumet.
  4387 | D:8      | Noticed a two-headed ogre
  4390 | D:8      | Noticed Harold
  4396 | D:8      | Killed a two-headed ogre
  4410 | D:8      | Killed Harold
  4741 | D:9      | Found a flagged portal.
  4780 | Bailey   | Entered a bailey
  4919 | Bailey   | Reached XP level 10. HP: 74/92 MP: 9/9
  5017 | Bailey   | Reached *** piety under Makhleb
  5611 | D:9      | Found a stormy altar of Qazlal.
  5752 | D:9      | Found a staircase to the Orcish Mines.
  5795 | D:9      | Reached **** piety under Makhleb
  6048 | D:9      | Found a staircase to the Lair.
  6500 | D:10     | Entered Level 10 of the Dungeon
  6507 | D:10     | Found Ytsesma's Assorted Antiques.
  6531 | D:10     | Reached skill level 5 in Throwing
  6655 | D:10     | Reached skill level 5 in Fighting
  6655 | D:10     | Reached skill level 5 in Dodging
  6666 | D:10     | Reached skill level 13 in Unarmed Combat
  6723 | D:10     | Noticed a fire dragon
  6724 | D:10     | Noticed an ice dragon
  6725 | D:10     | Noticed a fire dragon
  6725 | D:10     | Noticed an ice dragon
  6726 | D:10     | Found the +2 shield of Resistance {rF++ rC++ Will++}
  6727 | D:10     | Found a runed translucent door.
  6728 | D:10     | Found a runed translucent door.
  6755 | D:10     | Found a runed translucent door.
  6761 | D:10     | Noticed emiel's ghost (novice MiFi)
  6783 | D:10     | Found Ocryrrodi's General Store.
  6916 | D:10     | Killed an unseen horror
  7004 | D:10     | Found Taduma's Jewellery Emporium.
  7040 | D:10     | Found Getiet's Gadget Shop.
  7548 | D:8      | Killed Life0's ghost
  7549 | D:8      | Reached XP level 11. HP: 91/105 MP: 10/10
  7839 | Lair:1   | Entered Level 1 of the Lair of Beasts
  8314 | Lair:1   | Noticed a five-headed hydra
  8474 | Orc:1    | Entered Level 1 of the Orcish Mines
  8679 | Orc:2    | Entered Level 2 of the Orcish Mines
  8793 | Orc:2    | Noticed an orc sorcerer
  8798 | Orc:2    | Noticed an orc sorcerer
  8798 | Orc:2    | Noticed an orc sorcerer
  8800 | Orc:2    | Noticed a two-headed ogre
  8800 | Orc:2    | Noticed an orc sorcerer
  8837 | Orc:2    | Noticed an orc high priest
  8837 | Orc:2    | Noticed an orc knight
  8848 | Orc:1    | Killed an orc sorcerer
  8912 | Orc:1    | HP: 5/107 [orc warrior/+0 trident (25)]
  8916 | Orc:1    | Mangled by an orc warrior

Illustrated notes

Levels and vault maps discovered:
D:1:      onia_arrival_pentagram, layout_loops_ring
D:2:      layout_loops_cross, lemuel_crystal_altar, grunt_qazlal_clouds
D:3:      layout_loops_ring, nzn_hepliaklqana_mist_gate, uniq_sigmund,
          uniq_jessica
D:4:      layout_rooms, grunt_temple_overflow_order_and_chaos_2,
          kiku_gazebo_garden_becter
D:5:      layout_basic, chequers_temple_overflow_minitemple,
          kennysheep_generic_room_10, uniq_eustachio
D:6:      layout_basic, kennysheep_mini
D:7:      layout_basic, minmay_temple_entry_large_hall
D:8:      layout_basic, overflow_temple_1_default, overflow_temple_1_default,
          ebering_ghost_reflecting_pool, uniq_harold
D:9:      layout_grid_maze, david_lair_shrubbed, hiddenorc2_lemuel,
          enter_bailey_4, basic_altar
D:10:     layout_stronghold, serial_shops, nicolae_shop_overgrown_old_shop,
          shop, nicolae_shop_competitors_out_of_business, shop_fountains,
          ebering_ghost_inner_flame, minmay_guarded_unrand_resistance
Lair:1:   layout_small_grid, ldierk_geyser, grunt_megastairs_4,
          serial_bayou_shore_a
Orc:1:    layout_caves
Orc:2:    st_orc_mages, layout_caves, uniq_jorgrun

Skill      XL: |  1  2  3  4  5  6  7  8  9 10 11 |
---------------+----------------------------------+-----
Unarmed Combat | 4 5 7 8 9 11 12 13 | 13.8
Throwing       | 4 5 |  5.0
Fighting       | 4 5 6 |  6.9
Dodging        | 4 5 6 |  6.9

Action                   |  1- 3 |  4- 6 |  7- 9 | 10-12 || total
-------------------------+-------+-------+-------+-------++-------
Melee: Unarmed           |   109 |   100 |   253 |   400 ||   862
       Punch             |       |     2 |    22 |    31 ||    55
Throw: Throwing net      |       |       |     3 |     1 ||     4
       Javelin           |       |       |     3 |       ||     3
Evoke: Wand              |       |     1 |       |     2 ||     3
  Use: Scroll            |     4 |     6 |     8 |     3 ||    21
       Potion            |       |       |       |     4 ||     4
 Stab: Sleeping          |     1 |     1 |       |     1 ||     3
       Paralysed         |       |     3 |       |       ||     3
       Held in net/web   |       |       |     3 |       ||     3
Armor: Robe              |    42 |    26 |    78 |   115 ||   261
Dodge: Dodged            |    45 |    38 |   173 |   288 ||   544

Table legend: (Time is in decaauts)
 A = Elapsed time spent in this place.
 B = Non-inter-level travel time spent in this place.
 C = Inter-level travel time spent in this place.
 D = Time resting spent in this place.
 E = Time spent auto-exploring this place.
 F = Levels seen in this place.
 G = Mean time per level.
                   A        B        C        D        E       F      G
               +--------+--------+--------+--------+--------+-----+--------+
         Total |   8759 |   8060 |    699 |   1053 |   4929 |  14 |  625.6 |
       Dungeon |   7523 |   6825 |    698 |    756 |   4506 |  10 |  752.3 |
          Lair |    316 |    316 |      0 |      0 |    186 |   1 |  316.0 |
  Orcish Mines |    430 |    430 |      0 |    170 |    145 |   2 |  215.0 |
        Bailey |    489 |    489 |      0 |    127 |     92 |   1 |  489.0 |
               +--------+--------+--------+--------+--------+-----+--------+

Top non-repeatable levels by time:
     D:9: 1726 daAuts
    D:10: 1054 daAuts
     D:8: 763 daAuts
     D:3: 643 daAuts
     D:2: 635 daAuts
     D:5: 631 daAuts
     D:6: 595 daAuts
     D:1: 589 daAuts
  Bailey: 489 daAuts
     D:7: 456 daAuts
     D:4: 427 daAuts
   Orc:1: 371 daAuts
  Lair:1: 316 daAuts
   Orc:2: 59 daAuts
